 Dungeon Crawl Stone Soup version 0.19-a0-1223-gf83d13a (webtiles) character file.

184 dorian the Slasher (level 5, -1/34 HPs)
             Began as a High Elf Skald on Aug 24, 2016.
             Was an Initiate of Ashenzari.
             Succumbed to a scorpion's poison
             ... on level 4 of the Dungeon.
             The game lasted 00:04:57 (2948 turns).

dorian the Slasher (High Elf Skald)                 Turns: 2948, Time: 00:04:58

Health: -1/34      AC:  9    Str: 12    XL:     5   Next: 36%
Magic:  5/9        EV: 11    Int: 15    God:    Ashenzari [......]
Gold:   146        SH:  0    Dex: 15    Spells: 3 memorised, 2 levels left

rFire  . . .     SeeInvis .     a - +0 falchion
rCold  + . .     Gourm    .     b - +0 leather armour
rNeg   . . .     Faith    .     (no shield)
rPois  .         Spirit   .     i - +1 helmet
rElec  .         Dismiss  .     t - +2 cloak
rCorr  .         Reflect  .     e - +0 pair of gloves
MR     .....     Harm     .     (no boots)
Stlth  +.........               k - amulet of rage
                                (no ring)
                                s - ring of protection from cold

@: lethally poisoned (-1 -> -18), very slightly contaminated, invisible
A: no striking features
a: Curse Item, Renounce Religion, Evoke Berserk Rage


You were on level 4 of the Dungeon.
You worshipped Ashenzari.
Ashenzari was noncommittal.
You were not hungry.

You visited 1 branch of the dungeon, and saw 4 of its levels.

You collected 146 gold pieces.

Inventory:

Hand Weapons
 a - a +0 falchion (weapon)
Armour
 b - a +0 leather armour (worn)
 e - a +0 pair of gloves (worn)
 i - a +1 helmet (worn)
 t - a +2 cloak (worn)
Jewellery
 k - an amulet of rage (around neck)
 s - a ring of protection from cold (left hand)
Scrolls
 g - a scroll of enchant armour {unknown}
 h - 2 scrolls of identify {unknown}
 j - a scroll of magic mapping {unknown}
 m - 2 scrolls of recharging {unknown}
 n - a scroll of fog {unknown}
 p - 4 scrolls of remove curse
 q - a scroll of noise {unknown}
Books
 c - a book of Battle

   Spells                             Type                      Level
   a - Infusion                       Charms                       1
   b - Shroud of Golubria             Charms/Translocation         2
   c - Song of Slaying                Charms                       2
   d - Spectral Weapon                Hexes/Charms                 3
   e - Regeneration                   Charms/Necromancy            3
Comestibles
 d - 4 bread rations
 f - 8 chunks of flesh


   Skills:
 - Level 2.0 Fighting
 * Level 5.9 Long Blades
 - Level 0.8 Armour
 - Level 1.1 Dodging
 - Level 2.4 Spellcasting
 + Level 5.0 Charms


You had 2 spell levels left.
You knew the following spells:

 Your Spells              Type           Power        Failure   Level  Hunger
a - Infusion              Chrm           ###.         3%          1    #......
b - Shroud of Golubria    Chrm/Tloc      #.........   17%         2    ###....
c - Regeneration          Chrm/Necr      #.........   30%         3    ###....


Dungeon Overview and Level Annotations

Branches:
Dungeon (4/15)
 Temple: D:4-7

Altars:
Ashenzari
Elyvilon
Hepliaklqana


Message History

You are more poisoned.
The scorpion poisons you!
You are too injured to fight recklessly!
You are too injured to fight recklessly!
It was a potion of invisibility.
You fade into invisibility!
* * * LOW HITPOINT WARNING * * *
You feel sick. The scorpion barely misses you.
Okay, then.
You aren't carrying any items that you can evoke.
You hit the scorpion.
The scorpion is almost dead.
* * * LOW HITPOINT WARNING * * *
You feel sick. The scorpion misses you.
You hit the scorpion.
You kill the scorpion!
Your Charms skill increases to level 5!
* * * LOW HITPOINT WARNING * * *
You feel sick.
You die...

.#
#............#
##
##...........#
#
#...........##
###..........#
#..........##
#...........#
#...........##
#..##.........#
#..###...@....#
#).##
#..........#
#..#
#.........##
#...
#.........#
#...
#.........# ...
##........#
#..#.....#
####.....#


There were no monsters in sight!

Vanquished Creatures
  A scorpion (D:4)
  A worker ant (D:4)
  5 adders
  2 dart slugs (D:2)
  A giant gecko (D:4)
  5 orcs
  2 bats
  2 giant cockroaches (D:1)
  11 goblins
  8 hobgoblins
  4 jackals (D:2)
  8 kobolds
  A ball python (D:1)
  A giant newt (D:1)
  4 rats
56 creatures vanquished.

Vanquished Creatures (others)
  A bat (D:2)
1 creature vanquished.

Grand Total: 57 creatures vanquished

Notes
Turn   | Place    | Note
-------+----------+-------------------------------------------
     0 | D:1      | dorian the High Elf Skald began the quest for the Orb.
     0 | D:1      | Reached XP level 1. HP: 14/14 MP: 4/4
   429 | D:1      | Reached XP level 2. HP: 17/19 MP: 6/6
  1157 | D:2      | Reached XP level 3. HP: 15/24 MP: 7/7
  1306 | D:2      | Learned a level 2 spell: Shroud of Golubria
  1310 | D:2      | Learned a level 3 spell: Regeneration
  1622 | D:2      | Found a shattered altar of Ashenzari.
  1634 | D:2      | Became a worshipper of Ashenzari the Shackled
  1734 | D:2      | Reached XP level 4. HP: 29/29 MP: 8/8
  1791 | D:2      | Found a faded altar of an unknown god.
  1958 | D:2      | Found a white marble altar of Elyvilon.
  2151 | D:3      | Found a hazy altar of Hepliaklqana.
  2673 | D:4      | Reached skill level 5 in Long Blades
  2763 | D:4      | Reached XP level 5. HP: 29/34 MP: 4/9
  2947 | D:4      | Reached skill level 5 in Charms
  2947 | D:4      | HP: 1/34 [poisoned by a scorpion]
  2948 | D:4      | Succumbed to a scorpion's poison

Vault maps used:
D:1:      dpeg_arrival_circle_labyrinth_b, kennysheep_minor_cross,
          serial_bayou_lagoon_b
D:2:      old_standard_altar, elyvilon_altar_4, ecumenical_altar_1,
          minmay_misc_feat_four_crosses, minmay_tromino_v2
D:3:      lemuel_coloured_pillars_altar
D:4:      serial_shops, shop

Skill      XL: |  1  2  3  4  5 |
---------------+----------------+-----
Long Blades    | 3 4 5 |  5.9
Charms         | 4 5 |  5.0
Fighting       | |  2.0
Armour         | |  0.8
Dodging        | |  1.1
Spellcasting   | |  2.4

Action                   |  1- 3 |  4- 6 || total
-------------------------+-------+-------++-------
Melee: Falchion          |   111 |   125 ||   236
 Cast: Shroud of Golubri |     1 |     2 ||     3
       Infusion          |     1 |       ||     1
       Regeneration      |       |     3 ||     3
  Use: Potion            |       |     6 ||     6
  Eat: Meat ration       |     1 |       ||     1
       Pizza             |       |     1 ||     1
       Chunk             |       |     1 ||     1
Armor: Leather armour    |    37 |    31 ||    68
Dodge: Dodged            |    48 |    75 ||   123
